 Seeded DCSS version 0.28.0-47-ge53b351184 (webtiles) character file.

Game seed: 8584210793567161098 (custom seed)

587 zeratav the Transmogrifier (level 7, -5/43 HPs)
             Began as an Octopode Transmuter on Apr 27, 2022.
             Slain by an orc warrior
             ... wielding a +0 glaive
              (9 damage)
             ... on level 4 of the Dungeon.
             The game lasted 00:10:44 (5731 turns).

zeratav the Transmogrifier (Octopode Transmuter)    Turns: 5731, Time: 00:10:44

Health: -5/43      AC:  2    Str: 10    XL:     7   Next: 38%
Magic:  7/10       EV: 22    Int: 21    God:
Gold:   159        SH:  0    Dex: 12    Spells: 6/10 levels left

rFire   . . .      SeeInvis +     - Unarmed
rCold   + . .      Faith    .   (shield currently unavailable)
rNeg    . . .      Spirit   .   (helmet currently unavailable)
rPois   x          Reflect  .   h - amulet of the acrobat
rElec   .          Harm     .   c - ring "Gano Zee" {rC+ EV+4 Int+4 Dex-5}
rCorr   +          Rampage  .   i - ring of resist corrosion
Will    .....                   k - ring of see invisible
Stlth   +.........              (no ring)
HPRegen 0.14/turn               (no ring)
MPRegen 0.12/turn               (no ring)
                                (no ring)
                                (no ring)

@: spider-form
A: venomous fangs, almost no armour, (amphibious), 8 rings, tiny, (camouflage
1), (gelatinous body 1), (nimble swimmer 1), (tentacles)
a: End Transformation


You were on level 4 of the Dungeon.
You were a venomous arachnid creature.
You visited 1 branch of the dungeon, and saw 4 of its levels.

You collected 159 gold pieces.


Innate Abilities, Weirdness & Mutations

You are a venomous arachnid creature.
You have poisonous fangs.
You are tiny and dextrous.
Your spellcasting is less reliable in this form.
Your armour is entirely melded.
You are incapable of wielding weapons or throwing items.
You cannot wear most types of armour.
((You are amphibious.))
You can wear up to eight rings at the same time.
((Your skin changes colour to match your surroundings (Stealth+).))
((Your rubbery body absorbs attacks. (AC +1, EV +1)))
((You are camouflaged when in or above water. (Stealth+)))
((You have tentacles for arms and can constrict up to eight enemies at once.))


   Skills:
 - Level 1.0 Fighting
 - Level 2.0 Dodging
 - Level 3.0 Unarmed Combat
 - Level 2.0 Spellcasting
 + Level 8.0 Transmutations


You had 6 spell levels left.
You knew the following spells:

 Your Spells              Type           Power      Damage    Failure   Level
a - Beastly Appendage     Tmut           70%        N/A       3%          1
b - Spider Form           Tmut/Pois      18%        N/A       22%         3

Your spell library contained the following spells:

 Spells                   Type           Power      Damage    Failure   Level
 Wereblood                Tmut           35%        N/A       4%          2
 Sting                    Tmut/Pois      72%        1d6       10%         1
 Magic Dart               Conj           8%         1d3       32%         1
 Searing Ray              Conj           4%         2d4       43%         2
 Ice Form                 Ice/Tmut       18%        N/A       50%         4
 Iskenderun's Mystic Bla  Conj/Tloc      2%         2d3       93%         4
 Eringya's Noxious Bog    Tmut/Pois      9%         N/A       100%        6
 Starburst                Conj/Fire      1%         6d3       100%        6
 Storm Form               Tmut/Air       9%         N/A       100%        7

Inventory:

Jewellery
 c - the ring "Gano Zee" (left front leg) {rC+ EV+4 Int+4 Dex-5}
   (You acquired it on level 1 of the Dungeon)

   [ring of evasion]

   EV:        It affects your evasion (+4).
   Int:       It affects your intelligence (+4).
   Dex:       It affects your dexterity (-5).
   rC:        It protects you from cold.
 d - an amulet of faith {!P}
   (You found it on level 1 of the Dungeon)
 h - an amulet of the acrobat (around neck)
   (You found it on level 1 of the Dungeon)
 i - a ring of resist corrosion (right front leg)
   (You found it on level 1 of the Dungeon)
 k - a ring of see invisible (on tentacle)
   (You found it on level 3 of the Dungeon)
Scrolls
 a - 3 scrolls of identify {unknown}
 b - a scroll of fog {unknown}
 e - 2 scrolls of teleportation {unknown}
 f - a scroll of enchant weapon {unknown}
 m - a scroll of summoning {unknown}
 p - a scroll of holy word {unknown}
Potions
 g - 3 potions of might {unknown}
 j - 4 potions of curing {unknown}
 l - 4 potions of heal wounds {unknown}
 n - a potion of mutation {unknown}
 o - a potion of haste {unknown}
 q - a potion of lignification {unknown}

Dungeon Overview and Level Annotations

Branches:
Dungeon (4/15)
 Temple: D:4-7

Altars:
Dithmenos
Yredelemnul

Shops:
D:1 (

Annotations:
D:2 1 runed translucent door, Crazy Yiuf
D:4 Edmund

#.......# #.#
##.......# #.#
#....(...# #.#
#........# #.#
#.....o..# #.#
#.......# #.#
#.......# #.#
#o####### #.# #s#
#.#
#.##############.#
#..........†..##..
#############.####
#^# #.# #.# #.####
#..(..


You could see an orc warrior (very poisoned).


Message History

[Y]es or [N]o only, please.
Really wriggle into that dispersal trap? [Y]es or [N]o only, please.
Really wriggle into that dispersal trap? [Y]es or [N]o only, please.
Really wriggle into that dispersal trap? [Y]es or [N]o only, please.
Really wriggle into that dispersal trap? [Y]es or [N]o only, please.
Really wriggle into that dispersal trap? [Y]es or [N]o only, please.
Really wriggle into that dispersal trap? [Y]es or [N]o only, please.
Really wriggle into that dispersal trap? [Y]es or [N]o only, please.
Really wriggle into that dispersal trap? [Y]es or [N]o only, please.
Really wriggle into that dispersal trap?
You enter a dispersal trap!
You blink.
Really wriggle into that dispersal trap? [Y]es or [N]o only, please.
Really wriggle into that dispersal trap? [Y]es or [N]o only, please.
Really wriggle into that dispersal trap? [Y]es or [N]o only, please.
Really wriggle into that dispersal trap? [Y]es or [N]o only, please.
Really wriggle into that dispersal trap? [Y]es or [N]o only, please.
Really wriggle into that dispersal trap? [Y]es or [N]o only, please.
Really wriggle into that dispersal trap? [Y]es or [N]o only, please.
Really wriggle into that dispersal trap?
You enter a dispersal trap!
You blink.
A ball python comes into view.
The ball python completely misses you. x2
You closely miss the ball python. Your grab misses the ball python.
The ball python completely misses you. The ball python grabs you.
The ball python constricts you.
HP[-1]
You take 1 damage, and now have 42/43 hp.
You tentacle-slap the ball python. Your grab misses the ball python.
Your squeeze misses the ball python. The ball python closely misses you.
The ball python constricts you.
HP[-1]
You take 1 damage, and now have 41/43 hp.
You barely miss the ball python. Your grab misses the ball python.
Your squeeze misses the ball python. The ball python bites you.
The ball python constricts you.
HP[-3]
You take 3 damage, and now have 38/43 hp.
You barely miss the ball python. You grab the ball python.
You constrict the ball python. The ball python barely misses you.
The ball python constricts you.
HP[-1]
You take 1 damage, and now have 37/43 hp.
You completely miss the ball python. You constrict the ball python.
The ball python barely misses you. The ball python constricts you.
You tentacle-slap the ball python.
You kill the ball python!
You see here a ball python corpse.
q - a brown potion HP[+1]
You start resting.
HP[+5]
Your hp is fully restored (43).
You see here a +0 leather armour.
An orc warrior and 2 orcs come into view.
The orc warrior hits you from afar with a +0 glaive.
HP[-5]
You take 5 damage, and now have 38/43 hp.
You see here a +0 leather armour.
Casting: Spider Form (dangerous; 9% risk of failure)
Confirm with . or Enter, or press ? or * to list all spells.
You turn into a venomous arachnid creature.
MP[-3]
You lost 3 mp, and now have 7/10 mp.
You bite the orc!
You kill the orc!
The orc warrior hits you from afar with a +0 glaive!
HP[-16]
You take 16 damage, and now have 22/43 hp.
MASSIVE DAMAGE!! (PAUSE)
The orc warrior completely misses you.
Things that are here:
a +0 war axe {axe}; a +0 leather armour; a +0 leather armour You barely miss the orc warrior.
The orc warrior completely misses you.
You bite the orc warrior!
The orc warrior hits you with a +0 glaive!!
* * * LOW HITPOINT WARNING * * *
HP[-19]
You take 19 damage, and now have 3/43 hp.
MASSIVE DAMAGE!! (PAUSE)
You hit the orc warrior but do no damage.
The orc warrior is poisoned.
The orc warrior hits you with a +0 glaive!
You die...

Skill      XL: |  1  2  3  4  5  6  7 |
---------------+----------------------+-----
Transmutations | 3 4 6 7 8 |  8.0
Fighting       | |  1.0
Dodging        | |  2.0
Unarmed Combat | |  3.0
Spellcasting   | |  2.0

Action                   |  1- 3 |  4- 6 |  7- 9 || total
-------------------------+-------+-------+-------++-------
Melee: Unarmed           |   109 |    79 |    15 ||   203
       Constrict         |    22 |     1 |     1 ||    24
       Kick              |    23 |       |       ||    23
       Tentacles         |    10 |     1 |       ||    11
 Cast: Beastly Appendage |    27 |       |     1 ||    28
       Spider Form       |       |    10 |     2 ||    12
 Abil: End Transformatio |       |     1 |       ||     1
  Use: Scroll            |     3 |       |       ||     3
 Stab: Sleeping          |     4 |       |       ||     4
Armor: Skin              |     5 |     4 |       ||     9
Dodge: Dodged            |   112 |    76 |    13 ||   201

Levels and vault maps discovered:
D:1:      lightli_arrival_windingriver, layout_loops_corners, serial_shops,
          nicolae_shop_bloodbath_and_beyond, ebering_ecumenical_altar_ruins,
          minmay_misc_feat_room, minivault_24
D:2:      layout_rooms, uniq_crazy_yiuf_cottage, uniq_sigmund
D:3:      layout_loops_ring, nicolae_overflow_ecumenical_swirl,
          dk_yredelemnul_ordeal
D:4:      layout_loops_ring, uniq_menkaure, uniq_edmund

Notes
Turn   | Place    | Note
-------+----------+-------------------------------------------
     0 | D:1      | zeratav the Octopode Transmuter began the quest for the
                  | Orb.
     0 | D:1      | Reached XP level 1. HP: 13/13 MP: 3/3
     0 | D:1      | magus.rc [v1.9.6]
    86 | D:1      | Found a faded altar of an unknown god.
    97 | D:1      | Found Maosm's Weapon Boutique.
   306 | D:1      | Identified a scroll of acquirement
   306 | D:1      | Acquired the ring "Gano Zee" {rC+ EV+4 Int+4 Dex-5}
   391 | D:1      | Reached XP level 2. HP: 18/18 MP: 3/5
  1041 | D:1      | Reached skill level 3 in Transmutations
  1237 | D:2      | HP: 4/18 [frozen (1)]
  1546 | D:2      | Found a runed translucent door.
  1547 | D:2      | Noticed Crazy Yiuf
  1649 | D:2      | Reached XP level 3. HP: 23/23 MP: 4/6
  1695 | D:2      | Noticed Sigmund
  1770 | D:2      | Acquired Sif Muna's Guide on Mutagenic Attacks
  1771 | D:2      | You add the spells Magic Dart, Sting, Searing Ray,
                  | Iskenderun's Mystic Blast, Starburst, Eringya's Noxious Bog
                  | and Storm Form to your library.
  2264 | D:2      | You fall into a shaft and drop 1 floor!
  2804 | D:3      | Found a faded altar of an unknown god.
  2827 | D:3      | Found a runed translucent door.
  2827 | D:3      | Noticed a human
  2830 | D:3      | Found a basalt altar of Yredelemnul.
  3008 | D:3      | Found a shadowy altar of Dithmenos.
  3086 | D:4      | Noticed a centaur
  3110 | D:4      | HP: 2/23 [gnoll/+0 halberd (13)]
  3473 | D:2      | Learned a level 3 spell: Spider Form
  3486 | D:2      | Reached skill level 4 in Transmutations
  3506 | D:2      | Reached XP level 4. HP: 11/28 MP: 5/7
  3510 | D:2      | HP: 7/28 [poisoned by an adder]
  3902 | D:2      | HP: 6/28 [Sigmund/+0 scythe (12)]
  3903 | D:2      | Killed Sigmund
  3904 | D:2      | Reached skill level 6 in Transmutations
  3904 | D:2      | Reached XP level 5. HP: 7/33 MP: 5/8
  4310 | D:3      | Killed a centaur
  4311 | D:3      | Reached XP level 6. HP: 33/38 MP: 5/9
  4461 | D:4      | HP: 8/38 [gnoll/+0 club (7)]
  4735 | D:4      | Reached skill level 7 in Transmutations
  4818 | D:4      | Noticed Edmund
  5021 | D:4      | Identified the +1 helmet of the Great Game {+Inv Dex+5}
  5190 | D:4      | Noticed Menkaure
  5205 | D:4      | HP: 7/37 [??? (4)]
  5208 | D:4      | Killed Menkaure
  5209 | D:4      | Reached XP level 7. HP: 9/43 MP: 7/10
  5508 | D:4      | Reached skill level 8 in Transmutations
  5730 | D:4      | HP: 3/43 [orc warrior/+0 glaive (19)]
  5731 | D:4      | Slain by an orc warrior

Vanquished Creatures
  Sigmund (D:2)
  Menkaure (D:4)
  An ogre (D:4)
  A hound (D:4)
  2 orc priests (D:4)
  A gnoll shaman (D:3)
  3 adders
  4 gnolls
  6 orcs
  3 endoplasms
  2 giant cockroaches
  8 goblins
  4 hobgoblins
  8 kobolds
  A quokka (D:2)
  7 ball pythons
  2 bats (D:2)
  2 frilled lizards
  A goblin zombie (D:3)
  A quokka skeleton (D:4)
  2 rats
61 creatures vanquished.

Vanquished Creatures (others)
  A centaur (D:3)
1 creature vanquished.

Grand Total: 62 creatures vanquished

Table legend:
 A = Non-vault XP
 B = Vault XP
 C = Vault XP percentage of total XP
 D = Non-vault monster count
 E = Vault monster count
 F = Vault count percentage of total count
                 A         B        C        D         E       F
            +---------+---------+-------+---------+---------+-------
      Total |     439 |     400 |  47.7 |      59 |       3 |   4.8
            +---------+---------+-------+---------+---------+-------
        D:1 |      19 |       0 |   0.0 |      11 |       0 |   0.0
        D:2 |      56 |     227 |  80.2 |      20 |       1 |   4.8
        D:3 |     138 |       1 |   0.7 |      10 |       1 |   9.1
        D:4 |     226 |     172 |  43.2 |      18 |       1 |   5.3
            +---------+---------+-------+---------+---------+-------

Illustrated notes

Table legend:
 A = Kills in this place as a percentage of kills in entire the game.
 B = Kills by you in this place as a percentage of kills by you in the entire game.
 C = Kills by friends in this place as a percentage of kills by friends in the entire game.
 D = Other kills in this place as a percentage of other kills in the entire game.
 E = Experience gained in this place as a percentage of experience gained in the entire game.
 F = Experience gained in this place divided by the number of levels of this place that you have seen.
                   A       B       C       D       E      F
               +-------+-------+-------+-------+-------+----------------------
         Total | 100.0 | 100.0 |   N/A | 100.0 | 100.0 | 209.8
       Dungeon | 100.0 | 100.0 |   N/A | 100.0 | 100.0 | 209.8
               +-------+-------+-------+-------+-------+----------------------

Table legend: (Time is in decaauts)
 A = Elapsed time spent in this place.
 B = Non-inter-level travel time spent in this place.
 C = Inter-level travel time spent in this place.
 D = Time resting spent in this place.
 E = Time spent auto-exploring this place.
 F = Levels seen in this place.
 G = Mean time per level.
                   A        B        C        D        E       F      G
               +--------+--------+--------+--------+--------+-----+--------+
         Total |   5722 |   5512 |    210 |   2232 |   2317 |   4 | 1430.5 |
       Dungeon |   5722 |   5512 |    210 |   2232 |   2317 |   4 | 1430.5 |
               +--------+--------+--------+--------+--------+-----+--------+

Top non-repeatable levels by time:
     D:2: 2049 daAuts
     D:3: 1551 daAuts
     D:1: 1178 daAuts
     D:4: 942 daAuts
